 Dungeon Crawl Stone Soup version 0.30-a0-390-g80c34de65d (webtiles) character file.

Game seed: 4606420740447087807

46 purpskrrrp the Covered (level 3, -1/24 HPs)
             Began as a Gargoyle Fighter on Dec 5, 2022.
             Slain by a goblin
             ... wielding a +0 club
              (4 damage)
             ... on level 2 of the Dungeon.
             The game lasted 00:03:12 (1169 turns).

purpskrrrp the Covered (Gargoyle Fighter)           Turns: 1169, Time: 00:03:13

Health: -1/24      AC: 10    Str: 21    XL:     3   Next: 68%
Magic:  3/3        EV:  9    Int:  8    God:
Gold:   94         SH:  4    Dex:  9    Spells: 2/2 levels left

rFire   . . .      SeeInvis .    a - +0 flail
rCold   . . .      Faith    .    c - +0 buckler
rNeg    + . .      Spirit   .    b - +0 scale mail
rPois   ∞          Reflect  .    (no helmet)
rElec   +          Harm     .    k - scarf {shadows}
rCorr   .          Rampage  .    (no gloves)
Will    .....                    (no boots)
Stlth   ..........               (no amulet)
HPRegen 0.24/turn                (no ring)
MPRegen 0.08/turn                (no ring)

@: mighty
A: sickness immunity, AC +3, negative energy resistance 1, electricity
resistance, torment resistance 1, petrification resistance
a: no special abilities


You were on level 2 of the Dungeon.
You visited 1 branch of the dungeon, and saw 2 of its levels.

You collected 94 gold pieces.

Inventory:

Hand Weapons
 a - a +0 flail (weapon)
Armour
 b - a +0 scale mail (worn)
 c - a +0 buckler (worn)
 k - a scarf of shadows (worn)
Scrolls
 f - a scroll of vulnerability {unknown}
 g - a scroll of summoning {unknown}
 h - a scroll of noise {unknown}
 i - a scroll of enchant weapon {unknown}
 j - 2 scrolls of teleportation {unknown}
 l - 2 scrolls of identify {unknown}
Potions
 e - a potion of invisibility {unknown}


   Skills:
 + Level 3.7 Fighting
 + Level 2.6 Maces & Flails
 + Level 3.8 Armour
 + Level 3.7 Shields


You had 2 spell levels left.
You didn't know any spells.
Your spell library contained the following spells:

 Spells                   Type           Power      Damage    Failure   Level
 Freeze                   Ice            0%         1d3       83%         1
 Dazzling Flash           Conj/Hex       0%         N/A       99%         3
 Frozen Ramparts          Ice            0%         1d1       99%         3
 Hailstorm                Conj/Ice       0%         3d3       99%         3
 Iskenderun's Mystic Bla  Conj/Tloc      0%         2d3       100%        4
 Starburst                Conj/Fire      0%         6d3       100%        6


Dungeon Overview and Level Annotations

Branches:
Dungeon (2/15)

Altars:

Shops:
D:1 =


Innate Abilities, Weirdness & Mutations

You are immune to sickness and miasma.
Your stone body is resilient. (AC +3)
You are immune to poison.
You resist negative energy. (rN+)
You are resistant to electric shocks. (rElec)
You are resistant to unholy torment.
You are immune to petrification.


Message History

You are too injured to fight recklessly!
You are too injured to fight recklessly!
You closely miss the orc. You block the orc's attack.
You barely miss the orc. The orc hits you but does no damage.
The orc completely misses you.
You hit the orc.
The orc is moderately wounded.
You block the orc's attack.
You barely miss the orc.
The orc is moderately wounded.
The orc hits you with a +0 hand axe.
You barely miss the orc.
The orc is moderately wounded.
The orc hits you with a +0 hand axe. x2
* * * LOW HITPOINT WARNING * * *
You feel very mighty all of a sudden. The orc hits you with a +0 hand axe.
* * * LOW HITPOINT WARNING * * *
You barely miss the orc.
The orc is moderately wounded.
The orc hits you but does no damage.
Okay, then.
You closely miss the orc.
The orc is moderately wounded.
You barely miss the orc.
The orc is moderately wounded.
You thump the orc!
You kill the orc!
The goblin hits you but does no damage.
Hit: a) +0 flail
Press: ? - help, Dir - move target, f - goblin
Aim: a goblin, wielding a +0 club (about 57% to evade your +0 flail)
You closely miss the goblin. The goblin hits you but does no damage.
You barely miss the goblin. The goblin barely misses you.
The hobgoblin attacks as you move away!
The hobgoblin hits you but does no damage.
The goblin attacks as you move away! The goblin hits you but does no damage.
Unknown command.
You closely miss the goblin. The goblin hits you with a +0 club.
You die...

# #..##########.#.#.##
...# #...#.# #...#
#.###.#### #...#
#........######### ..#
..# #..##†##.........(
#.# ..$.
#..##.############ ###
#.# .... #..##.# # ...
... .... #..##.# ##
### #.# #..##@###.#
##. #.# #g)#g....# #.#
#####.########.)g#.###
#.#
......##.....###.#.#
#.#
#####.†............#
##. ######........##
## ##########


You could see a hobgoblin and a goblin.

Vanquished Creatures
  An adder (D:2)
  A dart slug (D:1)
  2 orcs (D:2)
  4 bats
  3 giant cockroaches (D:1)
  6 goblins
  5 hobgoblins
  2 kobolds (D:1)
  A quokka (D:2)
  2 ball pythons (D:1)
  A rat (D:1)
  7 toadstools (D:1)
35 creatures vanquished.

Vanquished Creatures (others)
  A fungus (D:1)
  6 plants (D:1)
7 creatures vanquished.

Grand Total: 42 creatures vanquished

Notes
Turn   | Place    | Note
-------+----------+-------------------------------------------
     0 | D:1      | purpskrrrp the Gargoyle Fighter began the quest for the
                  | Orb.
     0 | D:1      | Reached XP level 1. HP: 14/14 MP: 1/1
    92 | D:1      | Reached XP level 2. HP: 19/19 MP: 2/2
   121 | D:1      | Found Leacky's Jewellery Boutique.
   338 | D:1      | Found a faded altar of an unknown god.
   363 | D:1      | Reached XP level 3. HP: 23/23 MP: 3/3
  1163 | D:2      | HP: 1/24 [orc/+0 hand axe (5)]
  1169 | D:2      | Slain by a goblin

Illustrated notes

Levels and vault maps discovered:
D:1:      nagdon_arrival_zigzag_paths, layout_loops_ring, serial_shops,
          nicolae_shop_behind_doors, dreamdust_ecumenical_altar_grove,
          minmay_pentomino_p4
D:2:      layout_loops_ring, guppyfry_early_orc_mine

Action                   || total
-------------------------++-------
Melee: Flail             ||   123
  Use: Potion            ||     1
Armor: Scale mail        ||    66
Dodge: Dodged            ||    58
Block: Buckler           ||    32

Table legend: (Time is in decaauts)
 A = Elapsed time spent in this place.
 B = Non-inter-level travel time spent in this place.
 C = Inter-level travel time spent in this place.
 D = Time resting spent in this place.
 E = Time spent auto-exploring this place.
 F = Levels seen in this place.
 G = Mean time per level.
                   A        B        C        D        E       F      G
               +--------+--------+--------+--------+--------+-----+--------+
         Total |   1208 |   1082 |    126 |      0 |    822 |   2 |  604.0 |
       Dungeon |   1208 |   1082 |    126 |      0 |    822 |   2 |  604.0 |
               +--------+--------+--------+--------+--------+-----+--------+

Top non-repeatable levels by time:
     D:1: 895 daAuts
     D:2: 313 daAuts
